 Dungeon Crawl Stone Soup version 0.30-a0-718-geaa24f58ff (webtiles) character file.

Game seed: 6338473119872437228

18 mandarbmax the Shooter (level 2, -1/19 (22) HPs)
             Began as a Formicid Hunter on Jan 26, 2023.
             Slain by a goblin
             ... wielding a +0 dagger
             ... led by Robin
              (3 damage)
             ... on level 2 of the Dungeon.
             The game lasted 00:01:11 (750 turns).

mandarbmax the Shooter (Formicid Hunter)             Turns: 750, Time: 00:01:12

HP:   -1/19 (22)    AC:  3    Str: 15    XL:     2   Next: 85%
MP:   2/2           EV:  9    Int:  8    God:
Gold: 34            SH:  0    Dex: 17    Spells: 1/1 levels left

rFire   . . .      SeeInvis +    a - +1 shortbow
rCold   . . .      Faith    .    (no shield)
rNeg    . . .      Spirit   .    c - +0 leather armour
rPois   .          Reflect  .    (helmet unavailable)
rElec   .          Harm     .    (no cloak)
rCorr   .          Rampage  .    (no gloves)
Will    .....                    (no boots)
Stlth   ++                       (no amulet)
HPRegen 0.23/turn                (no ring)
MPRegen 0.08/turn                (no ring)

@: constricted, heavily drained
A: permanent stasis, dig shafts and tunnels, antennae 3, four strong arms
a: Dig, Shaft Self


You were on level 2 of the Dungeon.
You visited 1 branch of the dungeon, and saw 2 of its levels.

You collected 34 gold pieces.

Inventory:

Hand Weapons
 a - a +1 shortbow (weapon)
Armour
 c - a +0 leather armour (worn)
Scrolls
 b - a scroll of immolation
Potions
 e - a potion of mutation {unknown}
 i - a potion of curing {unknown}
 j - a potion of might {unknown}


   Skills:
 - Level 2.1 Fighting
 + Level 4.6 Ranged Weapons
 - Level 2.0 Dodging
 - Level 1.2 Stealth


You had one spell level left.
You didn't know any spells.
Your spell library was empty.

Dungeon Overview and Level Annotations

Branches:
Dungeon (2/15)

Altars:

Annotations:
D:2 Robin, Terence


Innate Abilities, Weirdness & Mutations

You cannot be hasted, slowed, berserked, paralysed or teleported.
You can dig through walls and to a lower floor.
You have a pair of large antennae on your head. (SInv)
Your four strong arms can wield two-handed weapons with a shield.


Message History

The arrow hits the goblin.
The goblin is severely wounded.
The goblin hits you with a +0 dagger. The goblin misses you.
You are too injured to fight recklessly!
You are too injured to fight recklessly!
Okay, then.
Unknown command.
You extend your mandibles.
You dig through the rock wall.
You feel drained. The goblin attacks as you move away!
The goblin barely misses you.
You dig through the rock wall.
You feel drained. The goblin attacks as you move away!
The goblin hits you with a +0 dagger.
Terence, a kobold and a ball python come into view.
Terence is wielding a +0 short sword and wearing a +0 scale mail of fire resistance.
Found 12 stones, a hand axe and 13 gold pieces.
Terence shouts!
The ball python hisses angrily.
The kobold shouts!
The kobold throws a stone.
The stone barely misses you.
As you read the scroll labelled GOADIV WATWU, it crumbles to dust.
You hear a loud clanging noise!
It was a scroll of noise.
You hear a shout!
You hear a bark!
You hear an angry hiss.
You hear a shout!
The kobold throws a stone.
The stone misses you.
Terence drinks a potion.
Terence suddenly seems more resistant.
The goblin closely misses you.
As you read the scroll labelled IMEILY PEWATEI, it crumbles to dust.
It is a scroll of enchant weapon.
Your +0 shortbow glows red for a moment.
The kobold throws a stone.
The stone barely misses you. The goblin hits you with a +0 dagger.
As you read the scroll labelled UHIYS NOMP, it crumbles to dust.
The scroll dissolves into smoke.
It was a scroll of fog.
The goblin hits you with a +0 dagger.
* * * LOW HITPOINT WARNING * * *
The air fills with toxic fumes!
As you read the scroll labelled VIOPHAGH DUHYN, it crumbles to dust.
It was a scroll of poison.
The ball python closely misses you. The ball python grabs you.
The ball python constricts you.
* * * LOW HITPOINT WARNING * * *
The kobold throws a stone.
The stone barely misses you.
The stone closely misses the goblin.
The goblin hits you with a +0 dagger.
You die... {ggg{

#... {#)# ##... ###.#
§§.. ..g## #§.$ .g.#####
####K§. ########{)#...#
....§§§ #....<#.{.#.#.##
.....§@##{#####g.##.#...
.....§§@#{g{.{gg.†#.#...
..(..§S#g#######........
....)§§### #....#.##
....... #.####.##
.(..... #.# #.## .......
#.# #... ....... #.#
#### ....... #.# # .. #


You could see Terence (resistant), a goblin (strong), a ball python and a
kobold.

Vanquished Creatures
  2 bats
  A giant cockroach (D:1)
  3 goblins
  2 hobgoblins (D:1)
  A kobold (D:1)
  3 quokkas
  A ball python (D:1)
  2 frilled lizards (D:2)
  A rat (D:1)
16 creatures vanquished.

Notes
Turn   | Place    | Note
-------+----------+-------------------------------------------
     0 | D:1      | mandarbmax the Formicid Hunter began the quest for the Orb.
     0 | D:1      | Reached XP level 1. HP: 16/16 MP: 1/1
   231 | D:1      | Reached XP level 2. HP: 22/22 MP: 2/2
   733 | D:2      | Noticed Robin
   746 | D:2      | Noticed Terence
   750 | D:2      | Slain by a goblin

Illustrated notes

Levels and vault maps discovered:
D:1:      dpeg_arrival_connections, layout_loops_cross,
          chequers_serial_rivers_micro_c
D:2:      layout_basic, uniq_terence, uniq_robin

Skill      XL: |  1 |
---------------+----+-----
Dodging        | 2 |  2.0
Fighting       | |  2.1
Ranged Weapons | |  4.6
Stealth        | |  1.2

Action                     || total
---------------------------++-------
   Fire: Shortbow          ||    36
Ability: Dig               ||     5
    Use: Scroll            ||     4
 Armour: Leather armour    ||     1
  Dodge: Dodged            ||    17

Table legend: (Time is in decaauts)
 A = Elapsed time spent in this place.
 B = Non-inter-level travel time spent in this place.
 C = Inter-level travel time spent in this place.
 D = Time resting spent in this place.
 E = Time spent auto-exploring this place.
 F = Levels seen in this place.
 G = Mean time per level.
                   A        B        C        D        E       F      G
               +--------+--------+--------+--------+--------+-----+--------+
         Total |    761 |    717 |     44 |      0 |    621 |   2 |  380.5 |
       Dungeon |    761 |    717 |     44 |      0 |    621 |   2 |  380.5 |
               +--------+--------+--------+--------+--------+-----+--------+

Top non-repeatable levels by time:
     D:1: 665 daAuts
     D:2: 95 daAuts
